 Dungeon Crawl Stone Soup version 0.24-a0-528-g98e85ec62a (webtiles) character file.

Game seed: 11153857712895562978

19684 Froggeryz the Severer (level 12, -10/101 HPs)
             Began as a Minotaur Fighter on Aug 5, 2019.
             Was a High Priest of Okawaru.
             Killed from afar by an ice dragon (14 damage)
             ... with a blast of cold
             ... in an ice cave.
             The game lasted 00:24:25 (12213 turns).

Froggeryz the Severer (Minotaur Fighter)           Turns: 12213, Time: 00:24:27

Health: -10/101    AC:  7    Str: 23    XL:     12   Next: 38%
Magic:  0/14       EV:  8    Int:  8    God:    Okawaru [*****.]
Gold:   740        SH: 11    Dex: 10    Spells: 11/11 levels left

rFire    + . .     SeeInvis .   a - +1 war axe (elec)
rCold    + . .     Gourm    .   c - +0 shield
rNeg     . . .     Faith    .   b - +0 scale mail
rPois    +         Spirit   +   (helmet unavailable)
rElec    +         Reflect  .   v - +0 cloak
rCorr    +         Harm     .   (no gloves)
MR       ++...                  z - +1 pair of boots
Stlth    ..........             h - amulet of guardian spirit
HPRegen  0.26/turn              s - ring of protection from magic
MPRegen  0.14/turn              y - ring of protection from magic

@: resistant
A: retaliatory headbutt, horns 3, deformed body, MP-powered wands
a: Heroism, Finesse, Renounce Religion


You were in an ice cave.
You worshipped Okawaru.
Okawaru was extremely pleased with you.
You were not hungry.

You visited 2 branches of the dungeon, and saw 12 of its levels.
You also visited: Ossuary and Ice Cave.

You collected 873 gold pieces.
You spent 133 gold pieces at shops.

Inventory:

Hand Weapons
 a - a +1 war axe of electrocution (weapon)
 B - the +6 long sword of the Dark Horse {protect, MP+9}
   (You found it on level 6 of the Dungeon)

   It grants its wielder temporary protection when it strikes (+7 to AC).
   It affects your magic capacity (+9).
Missiles
 x - 4 throwing nets
 I - 3 javelins (quivered)
Armour
 b - a +0 scale mail (worn)
 c - a +0 shield (worn)
 k - a scarf of cloud immunity
 v - a +0 cloak (worn)
 z - a +1 pair of boots (worn)
 G - a +1 hat
 P - the +2 robe "Zyvuodghe" {Stlth+, unknown}
   (You found it on level 11 of the Dungeon)

   It makes you more stealthy.
Jewellery
 h - an amulet of guardian spirit (around neck)
 s - a ring of protection from magic (left hand)
 y - a ring of protection from magic (right hand)
 N - an uncursed ring of magical power {unknown}
Wands
 p - a wand of paralysis (14)
 q - a wand of enslavement (14)
 u - a wand of flame (40)
 D - a wand of iceblast (13)
 E - a wand of clouds (1)
 O - a wand of disintegration (6)
Scrolls
 i - 10 scrolls of identify
 j - a scroll of enchant armour
 l - a scroll of blinking
 o - 6 scrolls of remove curse
 r - a scroll of brand weapon
 t - 3 scrolls of teleportation
 C - 2 scrolls of enchant weapon
 H - a scroll of fog {unknown}
Potions
 d - 3 potions of haste
 e - 4 potions of curing
 g - 2 potions of cancellation
 m - a potion of brilliance
 n - a potion of degeneration
 w - 4 potions of lignification
 A - a potion of invisibility
Miscellaneous
 M - a phial of floods
Comestibles
 f - 19 rations


   Skills:
 + Level 7.6 Fighting
 - Level 20.0 Axes
 - Level 3.6 Armour
 - Level 8.0 Shields
 + Level 4.4 Invocations


You had 11 spell levels left.
You didn't know any spells.
Your spell library contained the following spells:

 Spells                   Type           Power        Failure   Level  Hunger
 Animate Skeleton         Necr           N/A          95%         1    ##.....
 Apportation              Tloc           #.....       95%         1    ##.....
 Confusing Touch          Hex            #.....       95%         1    ##.....
 Magic Dart               Conj           #...         95%         1    ##.....
 Summon Small Mammal      Summ           #...         95%         1    ##.....
 Blink                    Tloc           N/A          99%         2    ###....
 Call Imp                 Summ           #.......     99%         2    ###....
 Slow                     Hex            #.......     99%         2    ###....
 Conjure Flame            Conj/Fire      #.......     100%        3    ####...
 Mephitic Cloud           Conj/Pois/Air  #.......     100%        3    ####...


Dungeon Overview and Level Annotations

Branches:
Dungeon (11/15)            Temple (1/1) D:5             Orc (0/2) D:10
   Lair: D:8-11

Altars:
Ashenzari
Cheibriados
Dithmenos
Elyvilon
Fedhas
Gozag
Hepliaklqana
Kikubaaqudgha
Makhleb
Nemelex Xobeh
Okawaru
Qazlal
Ru
Sif Muna
Trog
Uskayaw
Vehumet
Wu Jian
Xom
Yredelemnul
Zin
The Shining One

Shops:
D:6 *=[!*   D:7 *   D:11 [


Innate Abilities, Weirdness & Mutations

You reflexively headbutt those who attack you in melee.
You have a pair of large horns on your head.
Armour fits poorly on your strangely shaped body.
You expend magic power (3 MP) to strengthen your wands.


Message History

Lightning courses through the ice dragon!!
Your headbutt misses the ice dragon.
The ice dragon is moderately wounded.
You block the ice dragon's attack. x2; The ice dragon completely misses you.
You slice the ice dragon!! You headbutt the ice dragon.
The ice dragon is severely wounded.
You hit the ice dragon but do no damage.
The ice dragon is severely wounded.
The ice dragon bites you.
* * * LOW HITPOINT WARNING * * *
The ice dragon claws you.
* * * LOW HITPOINT WARNING * * *
You block the ice dragon's attack.
You slash the ice dragon!
Lightning courses through the ice dragon!
You headbutt the ice dragon, but do no damage.
The ice dragon is almost dead.
The ice dragon breathes frost at you. The blast of cold hits you! You resist.
You die...

##.#
##.....
#..#
#.....
#..#
##..##
##..#
##.#.#
##..##
#..###
###..##
##.##
#...##
##..#
###.###
#..##
##.#@.#
##..#
#..##D##
##.##
#...#..#
#.#.#
##.#...##
##.##
#..#####
#..#
#...#
##.##
#..##
#..# #.##
#.## #..#
#..##


You could see an ice dragon.

Vanquished Creatures
  Erolcha (D:11)
  A rakshasa (D:10)
  Harold (D:10)
  An ice dragon (IceCv)
  4 two-headed ogres
  2 deep elf knights (D:10)
  Pikel (D:7)
  An orc knight (D:10)
  A manticore (D:11)
  Joseph (D:7)
  2 ice statues (IceCv)
  4 rime drakes
  A troll (D:9)
  A shadow (D:9)
  A hippogriff (D:10)
  A spriggan (D:7)
  A wyvern (D:11)
  A wraith (D:10)
  9 yaks
  4 wargs (D:10)
  4 slaves
  3 orc warriors
  17 ice beasts
  A phantom (D:8)
  4 sky beasts
  An eye of draining (D:10)
  4 ogres
  5 centaurs
  A big kobold (D:10)
  2 elf zombies (Ossuary)
  6 bullfrogs
  A gnoll sergeant (D:10)
  3 scorpions
  A water moccasin skeleton (D:7)
  10 killer bees
  12 wights
  5 howler monkeys
  2 crimson imps
  4 centaur zombies
  10 hounds
  4 bullfrog skeletons
  6 orc priests
  Crazy Yiuf (D:7)
  2 centaur skeletons (D:11)
  A gnoll shaman (D:7)
  15 orc wizards
  2 iguanas
  8 worker ants
  A killer bee zombie (D:8)
  2 big kobold zombies (Ossuary)
  2 mummies (Ossuary)
  A hound skeleton (D:7)
  A howler monkey zombie (D:6)
  4 worker ant zombies
  A howler monkey skeleton (D:4)
  9 adders
  20 gnolls
  A shadow imp (D:9)
  2 oozes (D:1)
  3 adder zombies
  An adder skeleton (D:4)
  3 worms
  4 dart slugs
  8 leopard geckos
  38 orcs
  4 giant cockroaches
  13 goblins
  8 hobgoblins
  32 jackals
  11 kobolds
  6 quokkas
  A ball python (D:5)
  6 bats
  9 frilled lizards
  A goblin zombie (Ossuary)
  7 hobgoblin zombies (Ossuary)
  12 kobold zombies (Ossuary)
  A leopard gecko zombie (D:7)
  8 orc zombies (Ossuary)
  A quokka zombie (D:9)
  9 rats
  A rat zombie (Ossuary)
405 creatures vanquished.

Notes
Turn   | Place    | Note
-------+----------+-------------------------------------------
     0 | D:1      | Froggeryz the Minotaur Fighter began the quest for the Orb.
     0 | D:1      | Reached XP level 1. HP: 19/19 MP: 0/0
    43 | D:1      | Reached skill level 3 in Axes
    73 | D:1      | Reached XP level 2. HP: 27/27 MP: 1/1
   436 | D:1      | Reached XP level 3. HP: 33/33 MP: 2/2
   472 | D:1      | Reached skill level 4 in Axes
   868 | D:2      | Reached XP level 4. HP: 41/41 MP: 3/3
  1126 | D:2      | Reached skill level 5 in Axes
  1408 | D:3      | Reached XP level 5. HP: 30/47 MP: 4/4
  1413 | D:3      | Reached skill level 5 in Fighting
  1809 | D:3      | Found a stormy altar of Qazlal.
  1817 | D:3      | Reached skill level 6 in Axes
  2376 | D:4      | Reached XP level 6. HP: 52/56 MP: 3/5
  2417 | D:4      | Found a sand-covered staircase.
  2429 | Ossuary  | Entered an ossuary
  2550 | Ossuary  | Reached skill level 7 in Axes
  2564 | Ossuary  | Reached XP level 7. HP: 6/63 MP: 1/6
  2591 | Ossuary  | Reached skill level 8 in Axes
  2893 | D:4      | Found a basalt altar of Yredelemnul.
  2893 | D:4      | Found a hide-covered altar of Uskayaw.
  3018 | D:4      | Reached skill level 9 in Axes
  3137 | D:4      | Found an opulent altar of Gozag.
  3216 | D:5      | Entered Level 5 of the Dungeon
  3338 | D:5      | Reached XP level 8. HP: 60/73 MP: 5/7
  3344 | D:5      | Found a staircase to the Ecumenical Temple.
  3465 | Temple   | Entered the Ecumenical Temple
  3681 | D:5      | Found a sacrificial altar of Ru.
  3735 | D:5      | Reached skill level 10 in Axes
  3807 | D:5      | Reached skill level 5 in Shields
  4319 | D:6      | Found a snail-covered altar of Cheibriados.
  4322 | D:6      | Found Zin's Purification Station.
  4338 | D:6      | Found a glowing silver altar of Zin.
  4690 | D:6      | Reached skill level 11 in Axes
  4951 | D:6      | Found Bivoger's Distillery.
  4954 | D:6      | Bought a potion of lignification for 33 gold pieces
  4998 | D:6      | Got a fine long sword
  4999 | D:6      | Identified the +6 long sword of the Dark Horse {protect,
                  | MP+9} (You found it on level 6 of the Dungeon)
  5008 | D:6      | Found Utaroi Bitz's Jewellery Boutique.
  5104 | D:6      | Found Cela's Assorted Antiques.
  5126 | D:6      | Bought a scroll labeled SADEIK GULORIS for 20 gold pieces
  5126 | D:6      | Bought a bone wand for 80 gold pieces
  5165 | D:6      | Found Zonuu's Armour Emporium.
  5516 | D:6      | Reached XP level 9. HP: 71/79 MP: 8/8
  5773 | D:7      | Noticed Pikel
  6188 | D:7      | Killed Pikel
  6188 | D:7      | Reached skill level 12 in Axes
  6208 | D:7      | Found Toczyun's General Store.
  6257 | D:7      | Found a sparkling altar of Nemelex Xobeh.
  6442 | D:7      | Noticed Joseph
  6450 | D:7      | Reached skill level 13 in Axes
  6462 | D:7      | Killed Joseph
  6823 | D:7      | Found a runed translucent door.
  6824 | D:7      | Noticed Crazy Yiuf
  6931 | D:7      | Found a shimmering altar of Xom.
  7143 | D:7      | Killed Crazy Yiuf
  7186 | D:8      | Reached skill level 14 in Axes
  7186 | D:8      | Reached XP level 10. HP: 86/86 MP: 9/9
  7412 | D:8      | Found a burning altar of Makhleb.
  7415 | D:8      | Found an iron altar of Okawaru.
  7415 | D:8      | Found an opulent altar of Gozag.
  7417 | D:8      | Found a glowing golden altar of the Shining One.
  7417 | D:8      | Found a bloodstained altar of Trog.
  7429 | D:8      | Became a worshipper of Warmaster Okawaru
  7717 | D:9      | Noticed a two-headed ogre
  7732 | D:9      | Killed a two-headed ogre
  7732 | D:9      | Reached * piety under Okawaru
  7732 | D:9      | Reached skill level 15 in Axes
  7887 | D:9      | Noticed a two-headed ogre
  7895 | D:9      | Killed a two-headed ogre
  7973 | D:9      | Reached skill level 16 in Axes
  8001 | D:9      | Reached ** piety under Okawaru
  8192 | D:9      | Found an iron altar of Okawaru.
  8528 | D:10     | Entered Level 10 of the Dungeon
  8553 | D:10     | Noticed a two-headed ogre
  8564 | D:10     | Killed a two-headed ogre
  8564 | D:10     | Reached *** piety under Okawaru
  8564 | D:10     | Reached skill level 17 in Axes
  8564 | D:10     | Reached XP level 11. HP: 57/92 MP: 6/10
  8928 | D:10     | Found a shimmering altar of Xom.
  9259 | D:10     | Found a staircase to the Orcish Mines.
  9353 | D:10     | Noticed an orc knight
  9354 | D:10     | Noticed a deep elf knight
  9357 | D:10     | Noticed a deep elf knight
  9361 | D:10     | Noticed Harold
  9366 | D:10     | Killed a deep elf knight
  9382 | D:10     | Reached skill level 18 in Axes
  9385 | D:10     | Killed an orc knight
  9385 | D:10     | Reached **** piety under Okawaru
  9615 | D:10     | Killed a deep elf knight
  9628 | D:10     | Killed Harold
 10025 | D:10     | Noticed a rakshasa
 10032 | D:10     | Killed a rakshasa
 10032 | D:10     | Reached skill level 19 in Axes
 10195 | D:11     | Reached ***** piety under Okawaru
 10294 | D:11     | Found Kotoukox's Antique Armour Shop.
 10310 | D:11     | Noticed Erolcha
 10323 | D:11     | Killed Erolcha
 10323 | D:11     | Received a gift from Okawaru
 10323 | D:11     | Reached skill level 1 in Invocations
 10425 | D:11     | Reached XP level 12. HP: 69/100 MP: 8/12
 10504 | D:11     | Noticed a two-headed ogre
 10510 | D:11     | Killed a two-headed ogre
 10576 | D:11     | Got a distressingly furry robe
 10580 | D:11     | Found a frozen archway.
 10591 | IceCv    | Entered an ice cave
 11344 | IceCv    | Reached skill level 20 in Axes
 11390 | IceCv    | Noticed an ice dragon
 11390 | IceCv    | Noticed an ice dragon
 11393 | IceCv    | Gained mutation: Armour fits poorly on your strangely
                  | shaped body. [potion of mutation]
 11393 | IceCv    | Gained mutation: You expend magic power (3 MP) to
                  | strengthen your wands. [potion of mutation]
 11393 | IceCv    | Gained mutation: You have a pair of large horns on your
                  | head. [potion of mutation]
 12193 | IceCv    | Killed an ice dragon
 12212 | IceCv    | HP: 3/101 [ice dragon (5)]
 12213 | IceCv    | Killed from afar by an ice dragon

Levels and vault maps discovered:
D:1:      mrwooster_arrival_statue_2, layout_basic
D:2:      layout_rooms, first_ration
D:3:      layout_basic, overflow_temple_1_default, minivault_23
D:4:      layout_rooms, gammafunk_temple_overflow_wave,
          lightli_ossuary_entry_decrepit_ruins, minmay_misc_feat_tower,
          minmay_misc_feat_plants, nicolae_gozag_cash_rules_everything_around_me
D:5:      layout_loops_cross, hangedman_ru_absence, temple_doors_e,
          eino_small_chamber_without_monster, grunt_decor_clamped,
          kennysheep_potato
D:6:      layout_basic, zin_purify, serial_shops, shop,
          nicolae_shop_overgrown_old_shop, nicolae_shop_behind_doors,
          nicolae_shop_stone, cheibriados_altar_1
D:7:      layout_rooms, nemelex_altar_shiori, marbit_many_paths, serial_shops,
          shop, the_bakery, uniq_pikel, uniq_crazy_yiuf_cottage, uniq_joseph
D:8:      layout_gridville, grunt_temple_overflow_open
D:9:      layout_loops_cross, okawaru_altar_gauntlet_db
D:10:     layout_loops_ring, minmay_orc_entry_guard_dogs, basic_altar,
          sword_in_stone
D:11:     layout_long_grid, erik_lair_orcish_takeover, serial_shops, shop,
          portal_ice_cave_rime, uniq_erolcha
Temple:   jpeg_temple_alley_garden
IceCv:    ice_cave_small_dragons

Skill      XL: |  1  2  3  4  5  6  7  8  9 10 11 12 |
---------------+-------------------------------------+-----
Axes           | 3 4 5 6 7 9 11 14 17 19 20 | 20.0
Fighting       | 4 5 6 7 |  7.6
Shields        | 4 6 8 |  8.0
Invocations    | 1 4 |  4.4
Armour         | |  3.6

Action                   |  1- 3 |  4- 6 |  7- 9 | 10-12 || total
-------------------------+-------+-------+-------+-------++-------
Melee: War axe           |   101 |   206 |   384 |   522 ||  1213
       Headbutt          |     7 |    29 |    84 |    89 ||   209
       Long sword        |       |       |     2 |       ||     2
Throw: Javelin           |       |       |       |     4 ||     4
Evoke: Wand              |       |       |     4 |    11 ||    15
  Use: Scroll            |       |     2 |     1 |    14 ||    17
       Potion            |       |     4 |     7 |     9 ||    20
 Stab: Confused          |       |       |     2 |     2 ||     4
       Paralysed         |       |       |       |     4 ||     4
  Eat: Chunk             |       |     5 |    16 |     7 ||    28
       Ration            |       |       |       |     3 ||     3
Armor: Scale mail        |    41 |    76 |   129 |   121 ||   367
Dodge: Dodged            |    34 |    46 |    84 |    98 ||   262
Block: Shield            |    49 |   101 |   176 |   208 ||   534

Table legend:
 A = Non-vault XP
 B = Vault XP
 C = Vault XP percentage of total XP
 D = Non-vault monster count
 E = Vault monster count
 F = Vault count percentage of total count
                 A         B        C        D         E       F
            +---------+---------+-------+---------+---------+-------
      Total |   16154 |   11966 |  42.6 |     319 |      82 |  20.4
            +---------+---------+-------+---------+---------+-------
        D:1 |      71 |       0 |   0.0 |      32 |       0 |   0.0
        D:2 |     103 |       0 |   0.0 |      25 |       0 |   0.0
        D:3 |     200 |       0 |   0.0 |      34 |       0 |   0.0
        D:4 |     501 |       0 |   0.0 |      18 |       0 |   0.0
        D:5 |     498 |     146 |  22.7 |      19 |       2 |   9.5
        D:6 |     975 |       0 |   0.0 |      32 |       0 |   0.0
        D:7 |    1159 |    1419 |  55.0 |      41 |       5 |  10.9
        D:8 |     921 |       0 |   0.0 |      22 |       0 |   0.0
        D:9 |    4256 |      11 |   0.3 |      32 |       6 |  15.8
       D:10 |    4452 |    3839 |  46.3 |      46 |       8 |  14.8
       D:11 |    3018 |    1734 |  36.5 |      18 |       3 |  14.3
    Ossuary |       0 |     410 | 100.0 |       0 |      39 | 100.0
      IceCv |       0 |    4407 | 100.0 |       0 |      19 | 100.0
            +---------+---------+-------+---------+---------+-------
